 Dungeon Crawl Stone Soup version 0.18.1-50-g88ac8fd (webtiles) character file.

719814 unrecovered the Wrestler (level 27, -35/256 HPs)
             Began as a Minotaur Fighter on Oct 26, 2016.
             Was the Champion of Zin.
             Killed from afar by a starcursed mass (51 damage)
             ... with an accursed screaming
             ... on level 6 of a ziggurat on Oct 27, 2016.
             The game lasted 07:11:30 (84613 turns).

unrecovered the Wrestler (Minotaur Fighter)        Turns: 84613, Time: 07:11:31

Health: -35/256    AC: 48    Str: 49      XL:     27
Magic:  21/23      EV: 21    Int:  6 (15) God:    Zin [******]
Gold:   4552       SH: 44    Dex: 20      Spells: 5 memorised, 8 levels left

rFire  + . .     SeeInvis +       - Unarmed
rCold  + + .     Gourm    .     C - +8 orange crystal plate armour {Archmagi, Int+3 Clar SustAt}
rNeg   + . .     Faith    .     i - +7 large shield {rC+ rF+}
rPois  ∞         Spirit   .     B - +1 hat {MR+}
rElec  +         Dismiss  .     V - +1 cloak of the Forgotten Demons {rElec rF+ Str+4 SInv}
rCorr  .         Reflect  +     u - +1 pair of gloves
SustAt +         Harm     .     h - +2 pair of boots of the Assassin {DetectMon Stab+ Stlth++}
MR     ++++.     Clarity  +     T - +6 amulet of reflection
Stlth  ..........               b - ring of Xom's Hatred {Ice +Inv rPois rN+}
                                E - ring "Keozo" {rElec MR+ MP-9 Str+8 Int+3}

@: mighty, vitalised, short of breath, very slightly contaminated, invisible,
incredibly resistant to hostile enchantments, extremely unstealthy
A: retaliatory headbutt, horns 2
a: Recite, Vitalisation, Imprison, Sanctuary, Donate Gold, Cure All Mutations,
Renounce Religion, Turn Visible
}: 4/15 runes: serpentine, barnacled, silver, abyssal


You were on level 6 of a ziggurat.
You worshipped Zin.
Zin was exalted by your worship.
You were hungry.

You visited 10 branches of the dungeon, and saw 48 of its levels.
You visited the Abyss 6 times.
You visited 1 bazaar.
You visited 1 ziggurat, and saw 6 of its levels.
You also visited: Ice Cave and Wizlab.

You collected 8016 gold pieces.
You spent 2798 gold pieces at shops.
You donated 666 gold pieces to Zin.

Inventory:

Hand Weapons
 c - the +7 Singing Sword
   (You found it on level 3 of a ziggurat)
 j - a +9 hand crossbow of flaming
Missiles
 D - 2403 bolts
Armour
 h - the +2 pair of boots of the Assassin (worn) {DetectMon Stab+ Stlth++}
   (You bought it in a shop on level 2 of the Orcish Mines)

   It makes you much more stealthy.
 i - a +7 large shield of resistance (worn)
 o - a +8 plate armour of magic resistance
 u - a +1 pair of gloves (worn)
 B - a +1 hat of magic resistance (worn)
 C - the +8 orange crystal plate armour (worn) {Archmagi, Int+3 Clar SustAt}
   (You found it on level 5 of a ziggurat)

   It affects your intelligence (+3).
   It sustains your strength, intelligence and dexterity.
   It protects you against confusion.
 V - the +1 cloak of the Forgotten Demons (worn) {rElec rF+ Str+4 SInv}
   (You found it in a wizard's laboratory)

   It affects your strength (+4).
   It protects you from fire.
   It insulates you from electricity.
   It lets you see invisible.
Rods
 k - a -1 rod of ignition (11/11)
   (You found it on level 2 of the Snake Pit)
Jewellery
 b - the ring of Xom's Hatred (right hand) {Ice +Inv rPois rN+}
   (You found it on level 8 of the Lair of Beasts)

   [ring of ice]

   It enhances your ice magic, and weakens your fire magic.
   It makes you vulnerable to fire.
   It protects you from cold.
   It protects you from poison.
   It protects you from negative energy.
   It lets you turn invisible.
 E - the ring "Keozo" (left hand) {rElec MR+ MP-9 Str+8 Int+3}
   (You took it off a deep elf knight on level 3 of the Elven Halls)

   [ring of protection from magic]

   It affects your strength (+8).
   It affects your intelligence (+3).
   It insulates you from electricity.
   It affects your resistance to hostile enchantments.
   It affects your magic capacity (-9).
 K - a +5 ring of intelligence
 T - a +6 amulet of reflection (around neck)
 U - the ring "Mebbim" {rF++ Dex+3}
   (You found it on level 3 of the Vaults)

   [ring of dexterity]

   It affects your dexterity (+3).
   It greatly protects you from fire.
Wands
 a - a wand of confusion (27/48)
 y - a wand of teleportation (7/9)
 H - a wand of paralysis (13/24)
Scrolls
 e - 28 scrolls of remove curse
 m - 6 scrolls of amnesia
 r - 4 scrolls of fear
 s - a scroll of blinking
 t - 22 scrolls of teleportation
 v - 14 scrolls of recharging
 w - a scroll of silence
 G - 6 scrolls of identify
 I - 7 scrolls of magic mapping
 P - 3 scrolls of summoning
 S - 3 scrolls of fog
 X - 2 scrolls of holy word
Potions
 f - 8 potions of curing
 g - a potion of berserk rage
 p - 5 potions of resistance
 x - 16 potions of brilliance
 z - 10 potions of flight
 F - 2 potions of invisibility
 J - 6 potions of ambrosia
 L - 4 potions of cancellation
 M - a potion of heal wounds
 N - 2 potions of magic
 O - a potion of beneficial mutation
 R - 2 potions of haste
 Y - 4 potions of might
 Z - a potion of agility
Books
 n - a book of Maledictions

   Spells                             Type                      Level
   a - Corona                         Hexes                        1
   b - Ensorcelled Hibernation        Hexes/Ice                    2
   c - Confuse                        Hexes                        3
   d - Tukima's Dance                 Hexes                        3
   e - Dazzling Spray                 Conjuration/Hexes            3
 Q - a book of Annihilations

   Spells                             Type                      Level
   a - Poison Arrow                   Conjuration/Poison           6
   b - Chain Lightning                Conjuration/Air              8
   c - Lehudib's Crystal Spear        Conjuration/Earth            8
   d - Glaciate                       Conjuration/Ice              9
   e - Fire Storm                     Conjuration/Fire             9
Miscellaneous
 A - a phantom mirror
Comestibles
 d - 19 bread rations
 l - 29 meat rations
 q - 3 fruits


   Skills:
 + Level 22.5 Fighting
 - Level 10.6 Crossbows
 + Level 24.6 Armour
 - Level 15.0 Dodging
 - Level 14.0 Stealth
 - Level 25.0 Shields
 * Level 26.3 Unarmed Combat
 - Level 12.0 Invocations
 - Level 14.4 Evocations


You had 8 spell levels left.
You knew the following spells:

 Your Spells              Type           Power        Failure   Level  Hunger
a - Repel Missiles        Chrm/Air       #.....       99%         2    ###....
b - Swiftness             Chrm/Air       #.......     99%         2    ###....
c - Haste                 Chrm           #.......     100%        6    #######
d - Silence               Hex/Air        #.........   100%        5    ######.
e - Mephitic Cloud        Conj/Pois/Air  #.......     100%        3    ####...


Dungeon Overview and Level Annotations

Branches:
Dungeon (15/15)            Temple (1/1) D:6            Lair (8/8) D:10
 Shoals (4/4) Lair:5        Snake (4/4) Lair:4        Slime (0/6) Lair:7
    Orc (2/2) D:12            Elf (3/3) Orc:2        Vaults (5/5) D:14
  Crypt (0/3) Vaults:2     Depths (5/5) D:15           Hell (1/1)
    Dis (0/7) Hell            Geh (0/7) Hell            Coc (0/7) Hell
    Tar (0/7) Hell            Zot (0/5) Depths:5

Altars:
Ashenzari
Cheibriados
Dithmenos
Elyvilon
Fedhas
Gozag
Kikubaaqudgha
Makhleb
Nemelex Xobeh
Okawaru
Pakellas
Qazlal
Ru
Sif Muna
Trog
Vehumet
Xom
Yredelemnul
Zin
The Shining One
Beogh

Shops:
D:7 ?   D:8 [?   D:14 }   Orc:2 [*=(   Shoals:4 ?   Snake:4 *

Portals:
Hell: Depths:1 Depths:2 Depths:3 Depths:4 Depths:5
Abyss: Depths:4
Pandemonium: Depths:2 Depths:3
Trove: Elf:3 (give wand of heal wounds (9))


Innate Abilities, Weirdness & Mutations

You reflexively headbutt those who attack you in melee.
You have a pair of horns on your head.


Message History

You pummel the starcursed mass!!
You destroy the starcursed mass!
A cacophony of accursed wailing tears at your sanity!
* * * LOW HITPOINT WARNING * * *
You suddenly lose the ability to move!
The starcursed mass engulfs you.
* * * LOW HITPOINT WARNING * * *
The starcursed mass engulfs you but does no damage.
A cacophony of accursed wailing tears at your sanity!
* * * LOW HITPOINT WARNING * * *
You shrug off the repeated paralysis!
The starcursed mass engulfs you but does no damage. x3
You can move again.
Read which item? (? for menu, Esc to quit)
Okay, then.
You fail to use your ability.
The smoke demon gestures at you. Something smites you!
* * * LOW HITPOINT WARNING * * *
A cacophony of accursed wailing tears at your sanity!
You die... ▓▓▓ ▓▓▓▓.▓▓▓▓ ▓▓▓.....XX▓▓▓ ▓▓......3XXXX▓▓ ▓........XXXXX▓ ▓"?XX...XXXXXX▓

▓(∩$3.#.#XXXXX▓▓
.[>?.X.#.XXXXX@▓
▓!∩!..#.#.XXXX▓▓
▓..........XXX▓
▓..........XXX▓
▓▓...........▓▓
▓▓▓.......▓▓▓
▓▓▓.▓▓▓ ▓▓


You could see 37 starcursed masses and a smoke demon.

Vanquished Creatures
  Mennas (Vaults:3)
  A juggernaut (Zig:4)
  A pandemonium lord (Zig:3)
  Boris (Vaults:4)
  Margery (Vaults:3)
  The ghost of Blazinghand the Grand Gadgeteer, an adept DDGl of Pakellas (Depths:4)
  3 caustic shrikes (Depths:4)
  3 golden dragons
  Nikola (Depths:1)
  5 bone dragons
  Geryon (Hell)
  2 profane servitors
  2 iron giants
  Jorgrun (Vaults:3)
  7 tentacled monstrosities
  A hellephant (Abyss:1)
  A Hell Sentinel (Abyss:1)
  Rupert (D:15)
  Asterion (Vaults:1)
  15 liches
  4 titans
  5 deep elf blademasters (Elf:3)
  Polyphemus (Shoals:3)
  The ghost of CountDeLaPain the Spry, an adept KoBe of Trog (Elf:2)
  2 Executioners (Abyss:2)
  9 sphinxes
  3 krakens
  Murray (Hell)
  Gastronok (D:9)
  An eldritch tentacle (WizLab)
  Kirke (D:15)
  8 shadow dragons
  31 tentacled starspawn
  2 ancient champions (Hell)
  5 storm dragons
  9 tengu reavers
  2 daevas (Abyss:3)
  11 greater nagas
  10 frost giants
  2 revenants
  Donald (Shoals:1)
  7 fire giants
  8 deep elf sorcerers (Elf:3)
  Ilsuiw (Shoals:4)
  2 orc warlords
  Aizul (Shoals:3)
  23 vault wardens
  A draconian zealot (Depths:5)
  A cacodemon (Abyss:3)
  Maud (Orc:1)
  An iron dragon (Vaults:5)
  4 balrugs
  A draconian scorcher (Abyss:3)
  A draconian annihilator (Depths:5)
  A spriggan defender (Depths:4)
  17 stone giants
  8 reapers
  5 deep elf elementalists
  18 ironheart preservers
  51 very ugly things
  4 salamander stormcallers
  2 war gargoyles
  A vampire knight (Depths:4)
  An ophan (Abyss:1)
  3 lorocyprocas (Abyss:3)
  15 deep elf demonologists
  4 yellow draconians
  3 green draconians
  17 deep elf annihilators
  A purple draconian (Depths:5)
  6 blizzard demons
  3 merfolk javelineers
  A red draconian (Depths:5)
  4 spark wasps (Depths:4)
  15 deep elf death magi
  3 green deaths
  18 ettins
  Snorg (Orc:1)
  2 ettins (shapeshifter)
  38 vault guards
  11 merfolk impalers
  15 yaktaur captains
  A crystal guardian (Vaults:5)
  17 ogre magi
  9 great orbs of eyes
  16 rakshasas
  11 fire dragons
  13 ice dragons
  13 hydras
  A hydra (shapeshifter) (Depths:1)
  5 spriggan air magi
  8 deep elf high priests
  6 entropy weavers
  3 merfolk avatars
  16 naga warriors
  Harold (D:12)
  A ghost crab (shapeshifter) (Vaults:1)
  2 alligator snapping turtles
  Fannar (Lair:1)
  2 merfolk aquamancers (Shoals:4)
  3 catoblepae
  An alligator (shapeshifter) (Vaults:2)
  10 anacondas
  9 centaur warriors
  22 dancing weapons
  3 death knights
  3 tengu warriors
  7 deep troll earth magi
  The ghost of toucherabbit the Blocker, a novice FoFi of the Shining One (D:9)
  8 deep troll shamans
  12 death yaks
  2 satyrs (Shoals:4)
  Urug (Lair:2)
  7 spriggan berserkers
  A hell hog (Abyss:1)
  2 orc high priests (Zig:4)
  4 shock serpents
  17 naga sharpshooters
  3 vampire magi
  39 thrashing horrors
  6 sun demons
  Nergalle (D:12)
  3 soul eaters
  28 deep elf knights
  A fire crab (Vaults:5)
  21 skeletal warriors
  32 wretched stars
  6 shadow wraiths
  A fire crab (shapeshifter) (D:15)
  An iron troll (Depths:1)
  14 spatial maelstroms
  3 salamander mystics
  The ghost of ThomasAlice the Covered, a novice HuFi of the Shining One (D:6)
  A death drake (Abyss:2)
  9 hell knights
  3 flayed ghosts
  A quicksilver dragon simulacrum (Abyss:2)
  An infernal demonspawn (Depths:3)
  A swamp dragon (Vaults:2)
  8 unseen horrors
  10 naga ritualists
  An unseen horror (shapeshifter) (Vaults:4)
  22 sea snakes
  A deep troll (shapeshifter) (Depths:4)
  8 giant orange brains
  An obsidian statue (WizLab)
  24 deep elf archers
  29 deep trolls
  21 orc knights
  13 wizards
  An orb spider (Abyss:3)
  21 ironbrand convokers
  7 hill giants
  5 phantasmal warriors
  11 necromancers
  An anaconda skeleton (Hell)
  28 harpies
  14 griffons
  4 wolf spiders
  2 iron dragon zombies (Hell)
  10 mana vipers
  37 ugly things
  A hornet (Vaults:4)
  7 fauns
  2 shining eyes
  6 orc sorcerers
  96 deep elf magi
  3 oklob plants (Snake:1)
  2 hornets (shapeshifter)
  18 salamanders
  10 worldbinders
  12 manticores
  A stone giant zombie (Hell)
  2 frost giant zombies (Abyss:3)
  136 starcursed masses
  18 cyclopes
  6 sixfirhies
  A moth of wrath (shapeshifter) (Depths:3)
  Maurice (Orc:2)
  2 centaur zombies
  An octopode (shapeshifter) (Vaults:5)
  An eye of devastation (Vaults:2)
  35 naga magi
  A black mamba (shapeshifter) (Vaults:3)
  30 smoke demons
  53 black mambas
  A rust devil (Abyss:3)
  11 sirens
  4 water nymphs
  7 apocalypse crabs
  A molten gargoyle (Hell)
  A torpor snail (Lair:8)
  18 vault sentinels
  An eye of devastation (shapeshifter) (Abyss:2)
  7 orange demons
  An emperor scorpion zombie (Hell)
  8 guardian serpents
  5 ice statues
  14 spiny frogs
  46 yaktaurs
  4 gargoyles
  2 hellions
  A komodo dragon (shapeshifter) (Vaults:1)
  4 komodo dragons
  8 rime drakes
  3 demonic crawlers
  6 tormentors
  9 freezing wraiths
  2 kobold demonologists
  An anaconda simulacrum (Hell)
  7 efreet
  29 ancient zymes
  18 ice devils
  71 small abominations
  12 hellwings
  3 queen bees (shapeshifter)
  4 red devils
  3 tengu conjurers
  5 trolls (shapeshifter)
  3 wind drakes
  5 jumping spiders
  27 merfolk
  8 trolls
  A spriggan druid (Lair:8)
  A two-headed ogre (shapeshifter) (Abyss:2)
  A queen bee (Abyss:3)
  3 polar bears (Lair:8)
  A shadow dragon simulacrum (Abyss:1)
  19 slime creatures
  24 blink frogs
  A boulder beetle (shapeshifter) (Vaults:2)
  4 alligator zombies (Hell)
  12 snapping turtles
  25 two-headed ogres
  58 raiju
  10 boulder beetles
  2 ettin zombies (Abyss:3)
  14 air elementals
  19 redbacks
  6 flying skulls
  29 ynoxinuls
  2 centaur simulacra
  9 wraiths
  A tarantella (shapeshifter) (Depths:1)
  A tarantella (Vaults:3)
  A salamander simulacrum (Vaults:1)
  34 yaks
  16 spriggans
  An ettin skeleton (Abyss:3)
  12 water elementals
  2 hogs (D:15)
  3 basilisks
  An ice dragon skeleton (Abyss:3)
  A yak (shapeshifter) (Elf:1)
  2 wyverns
  7 fire elementals
  A golden eye (shapeshifter) (Vaults:5)
  2 golden eyes
  3 hungry ghosts
  14 vampire mosquitoes
  3 hippogriffs (shapeshifter)
  27 neqoxecs
  6 hippogriffs
  14 chaos spawn
  Menkaure (D:6)
  32 spatial vortices
  7 wargs
  2 insubstantial wisps
  2 mottled dragons (D:11)
  64 nagas
  A spiny frog zombie (Hell)
  20 water moccasins
  A hydra simulacrum (Hell)
  6 hell hounds
  2 giant eyeballs (Depths:2)
  86 large abominations
  11 porcupines
  56 orc warriors
  An ice beast (D:10)
  3 sky beasts
  An ettin simulacrum (Abyss:1)
  3 phantoms
  2 spiny frog skeletons (Hell)
  An eye of draining (Abyss:2)
  4 black bears
  A black bear (shapeshifter) (Vaults:5)
  A necrophage (D:4)
  A snapping turtle zombie (Abyss:3)
  6 wasps
  A boggart (shapeshifter) (Depths:4)
  A boggart (WizLab)
  An eye of draining (shapeshifter) (Vaults:4)
  63 ogres
  34 wolves
  3 snapping turtle skeletons
  15 centaurs
  18 crocodiles
  An orc skeleton (WizLab)
  5 big kobolds
  Blork the orc (D:6)
  28 giant frogs
  7 earth elementals
  A yaktaur skeleton (WizLab)
  A wyvern zombie (D:10)
  2 scorpions
  A human simulacrum (Vaults:2)
  17 killer bees
  A raiju skeleton (WizLab)
  4 wights
  3 howler monkeys
  5 electric eels
  13 quasits
  11 crimson imps
  5 jellies
  5 hounds
  17 orc priests
  Crazy Yiuf (D:6)
  4 giant frog skeletons
  3 giant frog zombies (D:10)
  7 iron imps
  2 iguanas
  9 worker ants
  16 orc wizards
  4 hell rats (Hell)
  26 sheep
  3 hound zombies
  Robin (D:3)
  12 adders
  7 gnolls
  55 river rats
  4 shadow imps
  27 white imps
  17 ufetubi
  An ooze (D:6)
  4 dart slugs
  4 giant geckos
  98 orcs
  5 bats
  9 giant cockroaches
  17 goblins
  11 hobgoblins
  14 jackals
  5 quokkas
  A ball python (D:1)
  3 giant newts
  A jackal skeleton (D:4)
  32 kobolds
  A quokka zombie (D:6)
  4 rats
  2 crawling corpses (Elf:3)
  A fungus (Lair:8)
  3 lurking horrors
  6 plants
  22 starspawn tentacles
  12 tentacles
3405 creatures vanquished.

Vanquished Creatures (collateral kills)
  An alligator snapping turtle (Shoals:4)
  A merfolk (Shoals:4)
2 creatures vanquished.

Vanquished Creatures (others)
  3 deep elf master archers (Elf:3)
  A shadow dragon (Vaults:5)
  A vault warden (Vaults:2)
  2 deep elf elementalists
  3 stone giants
  2 merfolk javelineers
  2 deep elf high priests (Elf:3)
  3 yaktaur captains
  A merfolk aquamancer (Shoals:4)
  2 deep trolls (Depths:1)
  4 deep elf archers
  A deep elf mage (Elf:1)
  2 fauns (Shoals:2)
  A salamander (Depths:5)
  A cyclops (Vaults:1)
  A manticore (Shoals:4)
  10 yaktaurs
  A snapping turtle (Shoals:4)
  3 small abominations
  A human (D:15)
  A neqoxec (Abyss:3)
  An orc warrior (Vaults:5)
  An ogre (Vaults:4)
  5 centaurs
  A sheep (Lair:8)
  2 white imps (IceCv)
  3 ufetubi
  4 orcs
  A bush (Elf:3)
  3573 eldritch tentacle segments (WizLab)
  46 fungi
  3 lurking horrors
  54 plants
  50 starspawn tentacles
  376 starspawn tentacle segments
  17 tentacles
  1075 tentacle segments
5258 creatures vanquished.

Grand Total: 8665 creatures vanquished

Notes
Turn   | Place    | Note
--------------------------------------------------------------
     0 | D:1      | unrecovered the Minotaur Fighter began the quest for the Orb.
     0 | D:1      | Reached XP level 1. HP: 19/19 MP: 0/0
   127 | D:1      | Reached XP level 2. HP: 22/27 MP: 1/1
   535 | D:1      | Reached XP level 3. HP: 29/33 MP: 2/2
   537 | D:1      | Reached skill level 3 in Unarmed Combat
   874 | D:2      | Found a shadowy altar of Dithmenos.
  1243 | D:2      | Found a shimmering altar of Xom.
  1246 | D:2      | Noticed an angel
  1252 | D:2      | Found a glowing silver altar of Zin.
  1830 | D:3      | Found a glowing golden altar of the Shining One.
  1956 | D:3      | Reached XP level 4. HP: 40/40 MP: 3/3
  2387 | D:3      | Noticed Robin
  2450 | D:3      | Killed Robin
  2515 | D:3      | Reached XP level 5. HP: 47/47 MP: 4/4
  2901 | D:4      | Reached skill level 4 in Unarmed Combat
  3176 | D:4      | Noticed a necrophage
  3193 | D:4      | Killed a necrophage
  3193 | D:4      | Reached skill level 5 in Armour
  3193 | D:4      | Reached skill level 5 in Shields
  3193 | D:4      | Reached XP level 6. HP: 41/54 MP: 5/5
  3799 | D:4      | Reached skill level 5 in Fighting
  3925 | D:4      | Reached skill level 5 in Unarmed Combat
  3973 | D:4      | Found a white marble altar of Elyvilon.
  4063 | D:4      | Found an ancient bone altar of Kikubaaqudgha.
  4484 | D:3      | Became a worshipper of the Shining One
  4525 | D:5      | Entered Level 5 of the Dungeon
  4718 | D:5      | Reached XP level 7. HP: 56/60 MP: 6/6
  5297 | D:5      | Reached skill level 6 in Unarmed Combat
  5749 | D:6      | Found a staircase to the Ecumenical Temple.
  6009 | D:6      | Noticed Blork the orc
  6019 | D:6      | Killed Blork the orc
  6019 | D:6      | Reached XP level 8. HP: 56/69 MP: 7/7
  6178 | D:6      | Noticed Menkaure
  6196 | D:6      | Killed Menkaure
  6196 | D:6      | Reached skill level 7 in Unarmed Combat
  6411 | D:6      | Found a snail-covered altar of Cheibriados.
  6411 | D:6      | Noticed ThomasAlice's ghost (novice HuFi)
  6418 | D:6      | Reached * piety under the Shining One
  6427 | D:6      | Killed ThomasAlice's ghost
  6427 | D:6      | Reached skill level 8 in Unarmed Combat
  6724 | D:6      | Noticed Crazy Yiuf
  6730 | D:6      | Killed Crazy Yiuf
  6781 | D:6      | Found a stormy altar of Qazlal.
  6832 | Temple   | Entered the Ecumenical Temple
  7141 | D:7      | Reached XP level 9. HP: 78/78 MP: 8/8
  7538 | D:7      | Found Ciama's Magic Scroll Shop.
  7542 | D:7      | Bought a scroll of magic mapping for 35 gold pieces
  7542 | D:7      | Bought a scroll of identify for 20 gold pieces
  7542 | D:7      | Bought a scroll of identify for 20 gold pieces
  7542 | D:7      | Bought a scroll of blinking for 75 gold pieces
  7542 | D:7      | Bought a scroll of teleportation for 30 gold pieces
  8046 | D:8      | You fall through a shaft for 2 floors!
  8046 | D:10     | Entered Level 10 of the Dungeon
  8054 | D:9      | Noticed a troll
  8058 | D:9      | Noticed Gastronok
  8289 | D:8      | Reached skill level 9 in Unarmed Combat
  8335 | D:8      | Found Jiudile's Magic Scroll Shop.
  8358 | D:8      | Bought a scroll of identify for 24 gold pieces
  8358 | D:8      | Bought a scroll of identify for 24 gold pieces
  8358 | D:8      | Bought a scroll of identify for 24 gold pieces
  8431 | D:8      | Found Cithruoxt's Antique Armour Emporium.
  8955 | D:8      | Found Xuzutup's Antique Armour Shoppe.
  9258 | D:8      | Found an iron altar of Okawaru.
  9352 | D:9      | Noticed a troll
  9357 | D:9      | Killed a troll
  9368 | D:9      | Found a basalt altar of Yredelemnul.
  9416 | D:9      | Killed a troll
  9416 | D:9      | Reached skill level 10 in Unarmed Combat
  9464 | D:9      | Killed Gastronok
  9464 | D:9      | Reached XP level 10. HP: 42/91 MP: 9/9
  9716 | D:9      | Found a sacrificial altar of Ru.
  9857 | D:9      | Noticed toucherabbit's ghost (novice FoFi)
  9858 | D:9      | Reached skill level 11 in Unarmed Combat
  9862 | D:9      | Reached ** piety under the Shining One
  9882 | D:9      | Killed toucherabbit's ghost
 10206 | D:9      | Found a blossoming altar of Fedhas.
 10442 | D:10     | Found a staircase to the Lair.
 10734 | D:10     | Noticed a hill giant
 10742 | D:10     | Killed a hill giant
 10828 | D:10     | Reached XP level 11. HP: 95/99 MP: 10/10
 11192 | D:11     | Reached skill level 10 in Armour
 11211 | D:11     | Reached skill level 10 in Fighting
 11211 | D:11     | Reached skill level 12 in Unarmed Combat
 11246 | D:11     | Noticed an orc knight
 11246 | D:11     | Reached *** piety under the Shining One
 11265 | D:11     | Killed an orc knight
 11325 | D:11     | Reached skill level 10 in Shields
 11566 | D:11     | Noticed a hill giant
 11576 | D:11     | Killed a hill giant
 12493 | D:12     | Noticed a white ugly thing
 12495 | D:12     | Noticed Harold
 12501 | D:12     | Killed a white ugly thing
 12520 | D:12     | Killed Harold
 12551 | D:12     | Learned a level 2 spell: Repel Missiles
 12712 | D:12     | Reached skill level 13 in Unarmed Combat
 12826 | D:12     | Found a staircase to the Orcish Mines.
 12885 | D:12     | Noticed a tengu warrior
 12893 | D:12     | Killed a tengu warrior
 13100 | D:12     | Learned a level 2 spell: Swiftness
 13177 | Lair:1   | Entered Level 1 of the Lair of Beasts
 13542 | Lair:1   | Noticed Fannar
 13554 | Lair:1   | Killed Fannar
 14033 | Lair:2   | Reached XP level 12. HP: 110/110 MP: 11/11
 14267 | Lair:2   | Got a faintly glowing shield
 14278 | Lair:2   | Identified the cursed +0 shield of Bukigrie {Str+2 Dex+2} (You found it on level 2 of the Lair of Beasts)
 14324 | Lair:2   | Reached **** piety under the Shining One
 14454 | Lair:2   | Noticed Urug
 14468 | Lair:2   | Killed Urug
 15147 | Lair:2   | Reached skill level 14 in Unarmed Combat
 15490 | Lair:3   | Got a fine trident
 15491 | Lair:3   | Identified the +6 trident of Ambiguity {elec, -Tele rPois rC+ rN++} (You found it on level 3 of the Lair of Beasts)
 16099 | Lair:4   | Noticed a six-headed hydra
 16110 | Lair:4   | Killed a six-headed hydra
 16323 | Lair:4   | Noticed a seven-headed hydra
 16331 | Lair:4   | Killed a seven-headed hydra
 16635 | Lair:4   | Found a staircase to the Snake Pit.
 16692 | Lair:4   | Noticed a death yak
 16703 | Lair:4   | Killed a death yak
 17036 | Lair:5   | Learned a level 6 spell: Haste
 17064 | Lair:5   | Found a white marble altar of Elyvilon.
 17232 | Lair:5   | Found a staircase to the Shoals.
 17306 | Lair:5   | Reached XP level 13. HP: 118/118 MP: 12/12
 17739 | Lair:6   | Reached skill level 15 in Unarmed Combat
 18977 | Lair:7   | Found a staircase to the Slime Pits.
 19850 | Lair:8   | Entered Level 8 of the Lair of Beasts
 20099 | Lair:8   | Reached skill level 16 in Unarmed Combat
 20467 | Lair:8   | Reached ***** piety under the Shining One
 20700 | Lair:8   | Reached XP level 14. HP: 79/129 MP: 13/13
 21281 | Lair:8   | Got a scintillating granite ring
 22493 | Orc:1    | Entered Level 1 of the Orcish Mines
 22493 | Orc:1    | Noticed Nergalle
 22505 | D:12     | Killed Nergalle
 22623 | Orc:1    | Found a roughly hewn altar of Beogh.
 22694 | Orc:1    | Identified the ring of Xom's Hatred {Ice +Inv rPois rN+} (You found it on level 8 of the Lair of Beasts)
 22708 | Orc:2    | Entered Level 2 of the Orcish Mines
 22722 | Orc:2    | Found a staircase to the Elven Halls.
 22734 | Orc:1    | Noticed Maud
 22836 | Orc:1    | Killed Maud
 22926 | Orc:1    | Noticed Snorg
 22935 | Orc:1    | Killed Snorg
 23150 | Orc:2    | Noticed Maurice
 23158 | Orc:2    | Killed Maurice
 23161 | Orc:2    | Found Fumosh's Antique Weapon Boutique.
 23166 | Orc:2    | Noticed a stone giant
 23183 | Orc:2    | Killed a stone giant
 23183 | Orc:2    | Reached skill level 17 in Unarmed Combat
 23409 | Orc:2    | Bought a glowing hand crossbow for 87 gold pieces
 23438 | Orc:2    | Found Ibofria's Jewellery Emporium.
 23466 | Orc:2    | Found Xyugg's Antique Armour Emporium.
 23813 | Orc:2    | Noticed an orc warlord
 23830 | Orc:2    | Killed an orc warlord
 24178 | Orc:2    | Bought a transparent chain mail for 237 gold pieces
 24188 | Orc:2    | Identified the +1 chain mail "Dyh Nah" {rF+ rN+ Regen+ Dex+4} (You bought it in a shop on level 2 of the Orcish Mines)
 24422 | Orc:2    | Found Apranong's General Store.
 24430 | Orc:2    | Bought a wand of teleportation (5/9) for 405 gold pieces
 24649 | Orc:1    | Reached XP level 15. HP: 88/139 MP: 14/14
 25500 | Snake:1  | Entered Level 1 of the Snake Pit
 25917 | Snake:1  | Got a heavily runed ruby amulet
 26162 | Snake:1  | Noticed a greater naga
 26173 | Snake:1  | Killed a greater naga
 26819 | Snake:1  | Identified the amulet "Ydarruem" {Inacc +Inv} (You found it on level 1 of the Snake Pit)
 26891 | Snake:1  | Reached skill level 15 in Fighting
 27031 | Snake:1  | Reached skill level 15 in Armour
 27037 | Snake:1  | Reached skill level 1 in Crossbows
 27037 | Snake:1  | Reached skill level 15 in Shields
 27521 | Snake:2  | Reached skill level 1 in Dodging
 27525 | Snake:2  | Reached skill level 1 in Invocations
 29161 | Snake:2  | Reached skill level 5 in Crossbows
 29161 | Snake:2  | Reached skill level 18 in Unarmed Combat
 29623 | Snake:3  | Reached skill level 5 in Dodging
 29649 | Snake:3  | Reached ****** piety under the Shining One
 29649 | Snake:3  | Noticed a greater naga
 29656 | Snake:3  | Killed a greater naga
 29656 | Snake:3  | Reached XP level 16. HP: 125/149 MP: 18/18
 30165 | Snake:3  | Reached skill level 5 in Invocations
 31540 | Snake:4  | Entered Level 4 of the Snake Pit
 31752 | Snake:4  | Found Peneazy's Practical Paraphernalia.
 32134 | Snake:4  | Found a shadowy altar of Dithmenos.
 33607 | Snake:4  | Reached XP level 17. HP: 154/156 MP: 21/21
 34090 | Snake:4  | Reached skill level 19 in Unarmed Combat
 35083 | Snake:4  | Got a serpentine rune of Zot
 35309 | Snake:4  | Got a scorched morningstar {crush}
 35310 | Snake:4  | Identified the +11 morningstar of Excruciating Pain {crush, Str+2 Int+2} (You took it off a naga on level 4 of the Snake Pit)
 36588 | D:14     | Got a brightly glowing lajatang
 36594 | D:14     | Identified the +5 lajatang of Ynyclurgh {holy, Stlth+} (You found it on level 14 of the Dungeon)
 36798 | D:14     | Found an opulent altar of Gozag.
 36957 | D:14     | Found Otaimaj's Gadget Shop.
 37556 | D:14     | Found a gate to the Vaults.
 37681 | D:14     | Got a translucent quarterstaff
 37688 | D:14     | Identified the +5 quarterstaff of the Viper {venom, Str+2} (You found it on level 14 of the Dungeon)
 37724 | D:15     | Entered Level 15 of the Dungeon
 37731 | D:15     | Reached skill level 10 in Crossbows
 37741 | D:15     | Reached skill level 10 in Dodging
 38092 | D:15     | Identified a scroll of acquirement
 38094 | D:15     | Got an ichor-stained cloak
 38105 | D:15     | Identified the -4 cloak "Xisejab" {-Cast rC+ rCorr Str+2} (You acquired it on level 15 of the Dungeon)
 38193 | D:15     | Noticed Rupert
 38220 | D:15     | Killed Rupert
 38233 | D:15     | Found a blossoming altar of Fedhas.
 38295 | D:15     | Noticed Kirke
 38311 | D:15     | Killed Kirke
 38591 | D:15     | Found a staircase to the Depths.
 38872 | Lair:5   | Learned a level 5 spell: Silence
 38906 | Shoals:1 | Entered Level 1 of the Shoals
 39104 | Shoals:1 | Reached XP level 18. HP: 163/163 MP: 24/24
 39108 | Shoals:1 | Reached skill level 10 in Invocations
 39279 | Shoals:1 | Noticed Donald
 39297 | Shoals:1 | Killed Donald
 39352 | Shoals:1 | Identified a trishula of holy wrath {god gift} (a demon trident of venom blessed by the Shining One)
 39352 | Shoals:1 | Received a gift from the Shining One
 39676 | D:8      | Bought a scroll of enchant weapon for 90 gold pieces
 39676 | D:8      | Bought a scroll of blinking for 90 gold pieces
 39720 | D:7      | Bought a scroll of enchant weapon for 75 gold pieces
 39720 | D:7      | Bought a scroll of recharging for 95 gold pieces
 40900 | Shoals:2 | Got a jewelled ring mail
 40911 | Shoals:2 | Identified the +2 ring mail of Experimentation {-Cast *Drain rC+++ rCorr} (You found it on level 2 of the Shoals)
 41300 | Shoals:3 | Noticed Aizul
 41329 | Shoals:3 | Killed Aizul
 41371 | Shoals:3 | Reached skill level 20 in Unarmed Combat
 41760 | Shoals:3 | Noticed Polyphemus
 41786 | Shoals:3 | Killed Polyphemus
 42516 | Shoals:4 | Entered Level 4 of the Shoals
 42519 | Shoals:4 | Found Detsuh's Magic Scroll Shoppe.
 42558 | Shoals:4 | Found a frozen archway.
 42649 | IceCv    | Entered an ice cave
 42859 | IceCv    | Got a steaming broad axe
 43010 | Shoals:4 | Identified the +10 broad axe of the Maze {flame, Fragile +Blink rC++} (You found it in an ice cave)
 43089 | Shoals:4 | Bought a scroll of identify for 26 gold pieces
 43089 | Shoals:4 | Bought a scroll of identify for 26 gold pieces
 43089 | Shoals:4 | Bought a scroll of identify for 26 gold pieces
 43089 | Shoals:4 | Bought a scroll of blinking for 97 gold pieces
 43089 | Shoals:4 | Bought a scroll of identify for 26 gold pieces
 43089 | Shoals:4 | Bought a scroll of enchant armour for 97 gold pieces
 43221 | Shoals:4 | Got a barnacled rune of Zot
 43942 | Shoals:4 | Reached XP level 19. HP: 131/170 MP: 26/26
 43987 | Shoals:4 | Got a dazzling falchion
 43988 | Shoals:4 | Identified the +7 falchion of Accord {holy, MP+9} (You found it on level 4 of the Shoals)
 44249 | Shoals:4 | Got a warped halberd
 44250 | Shoals:4 | Identified the +10 halberd "Giantbane" {vamp, rF+ rC+ Stlth+} (You found it on level 4 of the Shoals)
 44618 | Shoals:4 | HP: 6/170 [alligator snapping turtle (33)]
 45258 | Shoals:4 | Noticed Ilsuiw
 45275 | Shoals:4 | Killed Ilsuiw
 45762 | Orc:2    | Bought the +2 pair of boots of the Assassin {DetectMon Stab+ Stlth++} for 677 gold pieces
 46080 | D:2      | Fell from the grace of the Shining One
 46080 | D:2      | Became a worshipper of Zin the Law-Giver
 46080 | D:2      | Reached * piety under Zin
 46080 | D:2      | Reached ** piety under Zin
 46080 | D:2      | Reached *** piety under Zin
 46080 | D:2      | Reached **** piety under Zin
 46080 | D:2      | Reached ***** piety under Zin
 46081 | D:2      | Donated 485 gold pieces to Zin
 46418 | Depths:1 | Entered Level 1 of the Depths
 46544 | Depths:1 | Found a shattered altar of Ashenzari.
 46599 | Depths:1 | Found a gateway to a ziggurat.
 46701 | Depths:1 | Reached skill level 1 in Evocations
 46745 | Depths:1 | Noticed Nikola
 47110 | Depths:1 | Found a glowing silver altar of Zin.
 47561 | Elf:1    | Entered Level 1 of the Elven Halls
 47723 | Elf:1    | Identified the Compendium of Attacks (You found it on level 1 of the Elven Halls)
 47731 | Elf:1    | Learned a level 3 spell: Mephitic Cloud
 49248 | Elf:2    | Reached skill level 21 in Unarmed Combat
 49330 | Elf:2    | Reached ****** piety under Zin
 49415 | Elf:2    | Noticed CountDeLaPain's ghost (adept KoBe)
 49484 | Elf:2    | Killed CountDeLaPain's ghost
 49784 | Elf:2    | Found a runed gate.
 49784 | Elf:2    | Found a runed gate.
 49786 | Elf:2    | Found a runed gate.
 50093 | Elf:2    | Reached XP level 20. HP: 162/178 MP: 28/28
 50117 | Elf:2    | Reached skill level 5 in Evocations
 50786 | Elf:3    | Entered Level 3 of the Elven Halls
 50990 | Elf:3    | Found a huge runed gate.
 50990 | Elf:3    | Found a huge runed gate.
 50991 | Elf:3    | Found a huge runed gate.
 50991 | Elf:3    | Found a huge runed gate.
 50999 | Elf:3    | Found a huge runed gate.
 51430 | Elf:3    | Found a portal to a secret trove of treasure.
 51706 | Elf:3    | Noticed a Tzitzimitl
 53108 | Elf:3    | Got a faintly glowing halberd {chop}
 53109 | Elf:3    | Identified the +8 halberd of Kaics {chop, *Noise rElec rPois rC+++} (You took it off a deep elf high priest on level 3 of the Elven Halls)
 53230 | Elf:3    | Reached skill level 15 in Dodging
 53277 | Elf:3    | Got a crude scale mail
 53278 | Elf:3    | Got a steaming rapier {freeze}
 53279 | Elf:3    | Identified the +5 rapier "Death Rattle" {freeze, rC++} (You took it off a deep elf annihilator on level 3 of the Elven Halls)
 53281 | Elf:3    | Identified the +5 scale mail "Muetti" {rPois Str-3 Dex+3} (You took it off a deep elf high priest on level 3 of the Elven Halls)
 53736 | Elf:3    | Got a heavily runed ivory ring
 53774 | Elf:3    | Reached XP level 21. HP: 184/184 MP: 29/29
 53795 | Elf:3    | Got an opal-studded ring mail
 53806 | Elf:3    | Identified the +1 ring mail of Hufe {Int+4 Dex+4} (You took it off a deep elf high priest on level 3 of the Elven Halls)
 53969 | Elf:3    | Got a brightly glowing lapis lazuli ring
 54514 | Elf:3    | Identified the Almanac of Frigorific Evil
 54751 | Elf:3    | Identified the ring "Keozo" {rElec MR+ MP-9 Str+8 Int+3} (You took it off a deep elf knight on level 3 of the Elven Halls)
 54753 | Elf:3    | Identified the ring "Luilaffa" {*Contam MR+ Dex+3 Stlth+} (You found it on level 3 of the Elven Halls)
 54822 | Elf:1    | Reached skill level 22 in Unarmed Combat
 55151 | Shoals:4 | Bought 2 scrolls of magic mapping for 91 gold pieces
 55498 | Vaults:1 | Entered Level 1 of the Vaults
 55620 | Vaults:1 | Noticed Asterion
 55631 | Vaults:1 | Killed Asterion
 57001 | Vaults:2 | Found a staircase to the Crypt.
 57428 | Vaults:2 | Reached skill level 10 in Evocations
 57432 | Vaults:2 | Reached XP level 22. HP: 45/196 MP: 21/30
 59069 | Vaults:3 | Noticed Jorgrun
 59077 | Vaults:3 | Killed Jorgrun
 59121 | Vaults:3 | Reached skill level 23 in Unarmed Combat
 59461 | Vaults:3 | Noticed Margery
 59476 | Vaults:3 | Killed Margery
 59853 | Vaults:3 | Noticed Mennas
 59892 | Vaults:3 | Killed Mennas
 59997 | Vaults:3 | Got a shimmering jade ring
 59999 | Vaults:3 | Identified the ring "Mebbim" {rF++ Dex+3} (You found it on level 3 of the Vaults)
 60377 | Vaults:4 | Got a shimmering scale mail
 60388 | Vaults:4 | Identified the +1 scale mail of Zin's Supremacy {rElec MR- Str+3} (You found it on level 4 of the Vaults)
 60404 | Vaults:4 | Found a magical portal.
 60417 | WizLab   | Entered The Roulette of Golubria
 60423 | WizLab   | Found a corrupted altar of Lugonu.
 60758 | WizLab   | Found a corrupted altar of Lugonu.
 60782 | WizLab   | Found a corrupted altar of Lugonu.
 61177 | WizLab   | Identified the Volume of Translocation
 61363 | WizLab   | Got an encrusted cloak
 61367 | WizLab   | Got a brightly glowing cloak
 61371 | WizLab   | Got a scorched marble ring
 61524 | Vaults:4 | Identified the +1 cloak of the Tuna {rN+ Dex+3} (You found it in a wizard's laboratory)
 61534 | Vaults:4 | Identified the +1 cloak of the Forgotten Demons {rElec rF+ Str+4 SInv} (You found it in a wizard's laboratory)
 61540 | Vaults:4 | Identified the ring "Coiwkig" {*Tele rC+ MR+} (You found it in a wizard's laboratory)
 61672 | Vaults:4 | Reached XP level 23. HP: 199/209 MP: 22/31
 63085 | Vaults:5 | Entered Level 5 of the Vaults
 63087 | Vaults:5 | Noticed Boris
 63610 | Vaults:4 | Killed Boris
 63610 | Vaults:4 | Reached skill level 24 in Unarmed Combat
 64284 | Vaults:5 | Reached XP level 24. HP: 138/221 MP: 22/31
 64433 | Vaults:5 | Got a silver rune of Zot
 65643 | Vaults:5 | Got a wavering ivory amulet
 65666 | Vaults:5 | Identified the amulet "Giviydag" {Gourm rElec rPois MR- Str+4} (You took it off a tengu reaver on level 5 of the Vaults)
 66245 | Depths:1 | Killed Nikola
 66370 | Depths:1 | Found a gateway to Hell.
 66542 | Depths:1 | Identified Sif Muna's Handbook of Frigorific Calling
 66984 | Depths:2 | Found a one-way gate leading to the halls of Pandemonium.
 68003 | Depths:2 | Got a wizard robe
 68004 | Depths:2 | Identified the +0 robe of Fycel {+Inv rC+ MR+} (You found it on level 2 of the Depths)
 68025 | Depths:2 | Reached XP level 25. HP: 221/233 MP: 23/32
 68283 | Depths:3 | Reached skill level 25 in Unarmed Combat
 68675 | Depths:3 | Found a flickering gateway to a bazaar.
 68680 | Bazaar   | Entered a bazaar
 68680 | Bazaar   | Found Fegikk's General Store.
 68680 | Bazaar   | Found Wuteabeleu's Antique Weapon Shop.
 68705 | Bazaar   | Found Poczovoll's Antique Armour Shop.
 68713 | Bazaar   | Bought a glowing large shield for 112 gold pieces
 68789 | Bazaar   | Bought a steaming flail for 289 gold pieces
 68805 | Depths:3 | Identified the +3 flail "Spiderslayer" {drain, rC++ MR- MP+9 Str+3} (You bought it in a shop in a bazaar)
 69892 | Depths:4 | Noticed Blazinghand's ghost (adept DDGl)
 69915 | Depths:4 | Killed Blazinghand's ghost
 70803 | Depths:4 | Got a dazzling lajatang
 70804 | Depths:4 | Identified the +1 lajatang of a Hundred Spirits {distort, Str+2 Dex+3} (You found it on level 4 of the Depths)
 71048 | Depths:4 | Found a one-way gate to the infinite horrors of the Abyss.
 71350 | Depths:5 | Entered Level 5 of the Depths
 71609 | Depths:5 | Found a gate to the Realm of Zot.
 71619 | Depths:5 | Reached XP level 26. HP: 137/246 MP: 23/32
 72287 | Hell     | Entered the Vestibule of Hell
 72287 | Hell     | Noticed Geryon
 72772 | Hell     | Killed Geryon
 72861 | Hell     | Noticed Murray
 72877 | Hell     | Killed Murray
 73314 | Hell     | Found a gateway to the freezing wastes of Cocytus.
 73416 | Hell     | Reached skill level 26 in Unarmed Combat
 73434 | Hell     | Found a gateway to the decaying netherworld of Tartarus.
 73524 | Hell     | Found a gateway to the Iron City of Dis.
 73622 | Hell     | Found a gateway to the ashen valley of Gehenna.
 73948 | Depths:4 | Voluntarily entered the Abyss.
 74192 | Abyss:2  | Paralysed by accursed screaming for 1 turns
 75092 | Abyss:2  | Reached skill level 1 in Stealth
 75491 | Abyss:2  | Reached XP level 27. HP: 233/254 MP: 23/32
 75558 | Abyss:2  | Found a corrupted altar of Lugonu.
 75729 | Abyss:2  | Paralysed by accursed screaming for 1 turns
 75743 | Abyss:2  | Paralysed by accursed screaming for 1 turns
 75793 | Abyss:2  | Found a corrupted altar of Lugonu.
 76190 | Abyss:2  | Reached skill level 5 in Stealth
 76550 | Depths:4 | Escaped the Abyss
 76587 | Depths:4 | Voluntarily entered the Abyss.
 77030 | Abyss:3  | Found a corrupted altar of Lugonu.
 77061 | Abyss:3  | Got an abyssal rune of Zot
 77081 | Abyss:3  | Found a corrupted altar of Lugonu.
 77323 | Abyss:3  | Got a transparent robe
 77395 | Depths:4 | Escaped the Abyss
 77533 | Depths:4 | Identified the +2 robe of Responsibility {Int+2 Dex+6} (You found it on level 3 of the Abyss)
 77545 | Depths:4 | Voluntarily entered the Abyss.
 77618 | Abyss:2  | Found a corrupted altar of Lugonu.
 78135 | Abyss:3  | Found a corrupted altar of Lugonu.
 78359 | Abyss:3  | Found a corrupted altar of Lugonu.
 78586 | Abyss:3  | Paralysed by accursed screaming for 1 turns
 78686 | Depths:4 | Escaped the Abyss
 78816 | Depths:4 | Voluntarily entered the Abyss.
 78853 | Abyss:1  | Found a corrupted altar of Lugonu.
 79135 | Abyss:3  | Reached skill level 10 in Stealth
 79508 | Depths:4 | Escaped the Abyss
 79585 | Depths:4 | Voluntarily entered the Abyss.
 79745 | Abyss:1  | Found a bloodstained altar of Trog.
 79875 | Depths:4 | Escaped the Abyss
 80186 | Depths:4 | Voluntarily entered the Abyss.
 80502 | Abyss:3  | Found a corrupted altar of Lugonu.
 81037 | Abyss:3  | Found a corrupted altar of Lugonu.
 81074 | Abyss:3  | Paralysed by accursed screaming for 1 turns
 81080 | Abyss:3  | Paralysed by accursed screaming for 1 turns
 81403 | Abyss:3  | Found a corrupted altar of Lugonu.
 81454 | Abyss:3  | Paralysed by accursed screaming for 1 turns
 81464 | Abyss:3  | Found a corrupted altar of Lugonu.
 82562 | Abyss:3  | Found a corrupted altar of Lugonu.
 83077 | Abyss:3  | Found a corrupted altar of Lugonu.
 83091 | Abyss:3  | Found a corrupted altar of Lugonu.
 83124 | Depths:4 | Escaped the Abyss
 83720 | Snake:2  | Identified a -1 rod of ignition (11/11) (You found it on level 2 of the Snake Pit)
 84061 | Zig:1    | Entered Level 1 of a ziggurat
 84078 | Zig:2    | Entered Level 2 of a ziggurat
 84107 | Zig:3    | Entered Level 3 of a ziggurat
 84107 | Zig:3    | Noticed Qubrenk the pandemonium lord
 84141 | Zig:3    | Killed Qubrenk the pandemonium lord
 84325 | Zig:4    | Entered Level 4 of a ziggurat
 84327 | Zig:4    | Noticed a juggernaut
 84349 | Zig:4    | Killed a juggernaut
 84493 | Zig:5    | Entered Level 5 of a ziggurat
 84563 | Zig:6    | Entered Level 6 of a ziggurat
 84576 | Zig:6    | Paralysed by accursed screaming for 2 turns
 84595 | Zig:6    | Paralysed by accursed screaming for 2 turns
 84610 | Zig:6    | Paralysed by accursed screaming for 2 turns
 84613 | Zig:6    | Killed from afar by a starcursed mass

Skill      XL: |  1  2  3  4  5  6  7  8  9 10 11 12 13 14 15 16 17 18 19 20 21 22 23 24 25 26 27 |
---------------+----------------------------------------------------------------------------------+-----
Unarmed Combat | 3 4 5 6 8 10 11 13 14 16 17 18 19 20 21 22 23 24 25 26 | 26.3
Armour         | 4 5 6 7 9 11 12 13 14 15 16 17 18 19 20 21 22 23 24 | 24.6
Fighting       | 4 5 6 7 9 11 12 13 14 15 16 17 19 20 21 22 | 22.5
Shields        | 4 5 6 7 8 9 10 12 13 14 15 16 20 25 | 25.0
Crossbows      | 5 8 10 | 10.6
Dodging        | 5 8 10 12 13 15 | 15.0
Invocations    | 4 7 9 11 12 | 12.0
Evocations     | 4 7 10 11 13 14 | 14.4
Stealth        | 3 14 | 14.0

Action                   |  1- 3 |  4- 6 |  7- 9 | 10-12 | 13-15 | 16-18 | 19-21 | 22-24 | 25-27 || total
-------------------------+-------+-------+-------+-------+-------+-------+-------+-------+-------++-------
Melee: Unarmed           |   147 |   218 |   349 |   620 |  1327 |  1578 |  1798 |  1683 |  3414 || 11134
       Headbutt          |    24 |    42 |    66 |   124 |   291 |   384 |   421 |   538 |  1093 ||  2983
       Punch             |       |       |       |     2 |       |       |       |       |       ||     2
 Fire: Shortbow          |       |       |     8 |       |       |       |       |       |       ||     8
       Hand crossbow     |       |       |       |       |       |   233 |   162 |     9 |     8 ||   412
Throw: Throwing net      |       |       |       |       |     4 |       |       |       |       ||     4
Invok: Divine Shield     |       |       |       |       |     2 |     1 |       |       |       ||     3
       Brand Weapon With |       |       |       |       |       |     1 |       |       |       ||     1
       Vitalisation      |       |       |       |       |       |       |     2 |     1 |     3 ||     6
       Recite            |       |       |       |       |       |       |     1 |     1 |     1 ||     3
       Donate Gold       |       |       |       |       |       |       |     1 |       |       ||     1
       Sanctuary         |       |       |       |       |       |       |       |       |     1 ||     1
 Abil: Evoke Berserk Rag |       |       |       |       |     1 |       |     1 |       |       ||     2
       Evoke Invisibilit |       |       |       |       |       |       |       |     3 |     1 ||     4
Evoke: Wand              |       |       |       |       |     6 |     8 |     9 |     1 |     7 ||    31
  Use: Scroll            |     4 |       |     8 |     6 |    15 |    23 |    20 |    10 |    21 ||   107
       Potion            |       |       |     2 |       |     8 |     8 |     6 |     5 |    14 ||    43
 Stab: Held in net/web   |       |       |       |       |     1 |       |       |       |       ||     1
       Petrified         |       |       |       |       |       |     1 |       |       |       ||     1
       Invisible         |       |       |       |       |       |       |       |     5 |     2 ||     7
       Confused          |       |       |       |       |       |       |       |     1 |       ||     1
       Distracted        |       |       |       |       |       |       |       |       |     6 ||     6
       Sleeping          |       |       |       |       |       |       |       |       |     2 ||     2
  Eat: Chunk             |     3 |     9 |    14 |    21 |    24 |    19 |     2 |    21 |    45 ||   158
       Pizza             |       |       |     1 |     2 |       |     3 |     1 |     3 |     2 ||    12
       Beef jerky        |       |       |       |     2 |     1 |     2 |       |       |     4 ||     9
       Royal jelly       |       |       |       |     1 |       |     2 |       |     4 |     7 ||    14
       Fruit             |       |       |       |       |    15 |    24 |    18 |     3 |     3 ||    63
       Bread ration      |       |       |       |       |       |       |     5 |     3 |     3 ||    11
Armor: Scale mail        |    57 |    83 |    13 |       |       |       |       |       |       ||   153
       Ring mail         |       |       |    13 |       |       |       |     1 |       |       ||    14
       Plate armour      |       |       |   119 |   206 |   523 |   568 |   454 |   311 |   460 ||  2641
       Crystal plate arm |       |       |       |       |       |       |       |       |    24 ||    24
Dodge: Dodged            |    36 |    47 |    66 |    93 |   289 |   471 |   375 |   364 |   594 ||  2335
Block: Shield            |    78 |    87 |   137 |   269 |   817 |  1238 |  1129 |  1219 |   884 ||  5858
       Reflection        |       |       |       |       |       |    59 |   163 |   135 |    91 ||   448
       Large shield      |       |       |       |       |       |       |       |       |  2083 ||  2083
